 Dungeon Crawl Stone Soup version 0.32-a0-818-gb728d02 (webtiles) character file.

Game seed: 12718077349158101352

335016 Com123 the Prince of Secrets (level 21, -11/199 (201) HPs)
             Began as a Gnoll Alchemist on Mar 22, 2024.
             Was a High Priest of Ashenzari.
             Killed from afar by Xtahua (13 damage)
             ... with a searing blast
             ... on level 2 of the Vaults on Mar 23, 2024.
             The game lasted 04:49:59 (68276 turns).

Com123 the Prince of Secrets (Gnoll Alchemist)     Turns: 68276, Time: 04:50:00

HP:   -11/199 (201) AC: 10    Str: 23 (24) XL:     21   Next: 85%
MP:   1/40          EV: 13    Int: 22      God:    Ashenzari [*****.]
Gold: 2728          SH:  0    Dex: 12      Spells: 6/51 levels left

rFire   + + .        b - melded +0 dagger (elec)
rCold   . . .        Z - melded +4 kite shield of the Shattered Seer {reflect, Bglg, Melee} (curse)
rNeg    + . .        j - melded +0 acid dragon scales "Henotheism of Ashenzari" {rCorr, Cun, Dev} (curse)
rPois   +            W - melded +0 helmet {Int+3}
rElec   .            o - melded +1 cloak of the Prophetic Welkin {rPois rCorr Dex-3 Stlth+, Fort, Cun} (curse)
rCorr   .            r - melded +2 pair of gloves "Eternal the Doldrums" {Comp, Self} (curse)
SInv    +            P - melded +2 pair of boots of Ashenzari's Pleiades {Bglg, Comp} (curse)
Will    +....        I - amulet "Tethered Together" {Regen+, Elem, Range} (curse)
Stlth   +++++++      K - ring "Nihilism of Ashenzari" {rC+, Sorc, Melee} (curse)
HPRegen 1.33/turn    y - ring of the Ruined Seer {rPois rN+ Int+2 SInv, Cun, Fort} (curse)
MPRegen 0.27/turn

%: clarity
@: dragon-form, on blink cooldown, flying, very slightly contaminated, lightly
drained
A: dragon claw, dragon scales, breathe fire, flying, boosted hp, giant, (fangs
1), strong nose, distributed training, deterioration 1
}: 2/15 runes: decaying, serpentine
a: Breathe Fire, Begin Untransformation, Renounce Religion, Curse Item, Shatter
the Chains


You were on level 2 of the Vaults.
You worshipped Ashenzari.
Ashenzari was extremely pleased with you.
You were a fearsome dragon!
You visited 9 branches of the dungeon, and saw 37 of its levels.
You visited the Abyss 1 time.
You also visited: Ice Cave and Desolation.

You collected 5075 gold pieces.
You spent 2347 gold pieces at shops.

Inventory:

Hand Weapons
 b - a +0 dagger of electrocution (melded)
Missiles
 m - 18 boomerangs
 X - 10 javelins
Armour
 j - the cursed +0 acid dragon scales "Henotheism of Ashenzari" (melded) {rCorr, Cun, Dev}
   (You found it on level 10 of the Dungeon)

   rCorr:     It protects you from acid and corrosion.
   It has a curse which improves the following skills: Cunning: Dodging and
   Stealth.
   Devices:   Evocations and Shapeshifting.
 o - the cursed +1 cloak of the Prophetic Welkin (melded) {rPois rCorr Dex-3 Stlth+, Fort, Cun}
   (You acquired it on level 2 of the Lair of Beasts)

   Dex-3:     It affects your dexterity (-3).
   rPois:     It protects you from poison.
   rCorr:     It protects you from acid and corrosion.
   Stlth+:    It makes you more stealthy.
   It has a curse which improves the following skills: Fortitude: Armour and
   Shields.
   Cunning:   Dodging and Stealth.
 r - the cursed +2 pair of gloves "Eternal the Doldrums" (melded) {Comp, Self}
   (You found it on level 14 of the Dungeon)

   It has a curse which improves the following skills: Companions: Summonings
   and Necromancy.
   Introspection: Fighting and Spellcasting.
 P - the cursed +2 pair of boots of Ashenzari's Pleiades (melded) {Bglg, Comp}
   (You found it on level 7 of the Dungeon)

   It has a curse which improves the following skills: Beguiling: Hexes and
   Translocations.
   Companions: Summonings and Necromancy.
 S - the -1 pair of gloves "Kif Haose" {rC+ Will+ Regen+ Dex-2}
   (You bought it in a shop on level 2 of the Elven Halls)

   Dex-2:     It affects your dexterity (-2).
   rC+:       It protects you from cold.
   Will+:     It increases your willpower.
   Regen+:    It increases your rate of health regeneration.
 W - a +0 helmet of intelligence (melded)
 Z - the cursed +4 kite shield of the Shattered Seer (melded) {reflect, Bglg, Melee}
   (You took it off Donald on level 1 of the Swamp)

   It has a curse which improves the following skills: Beguiling: Hexes and
   Translocations.
   Melee Combat: Short Blades, Long Blades, Axes, Maces & Flails, Polearms,
   Staves and Unarmed Combat.
Jewellery
 t - a ring of wizardry
 y - the cursed ring of the Ruined Seer (right foreclaw) {rPois rN+ Int+2 SInv, Cun, Fort}
   (You found it on level 15 of the Dungeon)

   [ring of poison resistance]

   Int+2:     It affects your intelligence (+2).
   rPois:     It protects you from poison.
   rN+:       It protects you from negative energy.
   SInv:      It lets you see invisible.
   It has a curse which improves the following skills: Cunning: Dodging and
   Stealth.
   Fortitude: Armour and Shields.
 I - the cursed amulet "Tethered Together" (around neck) {Regen+, Elem, Range}
   (You found it on level 8 of the Dungeon)

   [amulet of regeneration]

   Regen+:    It increases your rate of health regeneration.
   It has a curse which improves the following skills: Elements: Fire Magic, Ice
   Magic, Air Magic and Earth Magic.
   Ranged Combat: Ranged Weapons and Throwing.
 K - the cursed ring "Nihilism of Ashenzari" (left foreclaw) {rC+, Sorc, Melee}
   (You found it on level 9 of the Dungeon)

   [ring of protection from cold]

   rC+:       It protects you from cold.
   It has a curse which improves the following skills: Sorcery: Conjurations and
   Alchemy.
   Melee Combat: Short Blades, Long Blades, Axes, Maces & Flails, Polearms,
   Staves and Unarmed Combat.
 M - a +4 ring of protection
Talismans
 R - a dragon-blood talisman (active)
Wands
 a - a wand of polymorph (2)
 n - a wand of quicksilver (17)
 u - a wand of charming (33)
 v - a wand of mindburst (8)
 A - a wand of flame (58)
 D - a wand of iceblast (9)
 J - a wand of digging (17)
Scrolls
 f - 6 scrolls of vulnerability
 g - 5 scrolls of fog
 h - 5 scrolls of revelation
 q - 2 scrolls of butterflies
 C - 7 scrolls of silence
 L - 3 scrolls of teleportation
 Q - 5 scrolls of amnesia
Potions
 i - 3 potions of cancellation
 l - a potion of resistance
 p - 2 potions of heal wounds
 x - 9 potions of attraction
 E - 3 potions of enlightenment
 F - a potion of invisibility
 G - a potion of might
 H - a potion of magic
 O - 4 potions of brilliance
 T - 11 potions of curing
 U - 2 potions of ambrosia
 Y - a potion of lignification
Miscellaneous
 d - a lightning rod (4/4)
 N - a phantom mirror


   Skills:
 + Level 15.1 Fighting
 + Level 15.1(17.2) Short Blades
 + Level 15.1(17.2) Long Blades
 + Level 15.1(17.2) Axes
 + Level 15.1(17.2) Maces & Flails
 + Level 15.1(17.2) Polearms
 + Level 15.1(17.2) Staves
 + Level 15.1(17.2) Ranged Weapons
 + Level 15.1(17.2) Throwing
 + Level 15.1(17.2) Armour
 + Level 15.8(17.8) Dodging
 + Level 15.7(17.7) Stealth
 + Level 15.1(17.2) Shields
 + Level 15.1(17.2) Unarmed Combat
 + Level 15.9 Spellcasting
 + Level 13.1(15.1) Conjurations
 + Level 12.9 Hexes
 + Level 12.9 Summonings
 + Level 12.9 Necromancy
 + Level 12.9 Translocations
 + Level 12.9(15.0) Fire Magic
 + Level 12.9(15.0) Ice Magic
 + Level 12.9(15.0) Air Magic
 + Level 12.9(15.0) Earth Magic
 + Level 13.9(16.0) Alchemy
 + Level 16.4 Invocations
 + Level 15.1 Evocations
 + Level 14.0 Shapeshifting


You had 6 spell levels left.
You knew the following spells:

 Your Spells              Type           Power      Damage    Failure   Level
a - Vhi's Electric Charg  Tloc/Air       100%       N/A       1%          4
b - Stone Arrow           Conj/Erth      100%       3d13      1%          3
c - Mephitic Cloud        Conj/Alch/Air  71%        N/A       1%          3
d - Sticky Flame          Fire/Alch      72%        2d12      1%          4
e - Haunt                 Necr/Summ      32%        N/A       14%         7
f - Permafrost Eruption   Ice/Erth       35%        2x4d10    1%          6
g - Fireball              Conj/Fire      35%        3d15      1%          5
h - Manifold Assault      Tloc           65%        N/A       1%          4
i - Sting                 Conj/Alch      100%       1d9       0%          1
l - Blink                 Tloc           100%       N/A       1%          2
v - Sublimation of Blood  Necr           65%        N/A       1%          2
x - Olgreb's Toxic Radia  Alch           73%        N/A       1%          4

Your spell library contained the following spells:

 Spells                   Type           Power      Damage    Failure   Level
 Apportation              Tloc           100%       N/A       0%          1
 Foxfire                  Conj/Fire      100%       2x1d9     0%          1
 Kiss of Death            Conj/Necr      100%       2d13      0%          1
 Magic Dart               Conj           100%       1d8       0%          1
 Necrotise                Necr           100%       1d9       0%          1
 Summon Small Mammal      Summ           100%       N/A       0%          1
 Cigotuvi's Dreadful Rot  Necr/Alch/Air  100%       N/A       0%          2
 Ensorcelled Hibernation  Hex/Ice        100%       N/A       0%          2
 Mercury Vapours          Alch/Air       100%       N/A       0%          2
 Searing Ray              Conj           100%       2d8       0%          2
 Static Discharge         Conj/Air       100%       3-8/arc   0%          2
 Call Imp                 Summ           100%       N/A       1%          2
 Lesser Beckoning         Tloc           100%       N/A       1%          2
 Confusing Touch          Hex            65%        N/A       1%          3
 Dazzling Flash           Conj/Hex       100%       N/A       1%          3
 Frozen Ramparts          Ice            100%       1d16      1%          3
 Fugue of the Fallen      Necr           65%        N/A       1%          3
 Gell's Gravitas          Tloc           65%        N/A       1%          3
 Inner Flame              Hex/Fire       68%        N/A       1%          3
 Ozocubu's Armour         Ice            70%        N/A       1%          3
 Teleport Other           Tloc           65%        N/A       1%          3
 Tukima's Dance           Hex            65%        N/A       1%          3
 Volatile Blastmotes      Fire/Tloc      100%       2d18      1%          3
 Airstrike                Air            35%        2d(5-21)  1%          4
 Anguish                  Hex/Necr       32%        N/A       1%          4
 Animate Armour           Summ/Erth      100%       N/A       1%          4
 Animate Dead             Necr           65%        N/A       1%          4
 Cause Fear               Hex            32%        N/A       1%          4
 Dimensional Bullseye     Hex/Tloc       32%        N/A       1%          4
 Dispel Undead            Necr           65%        3d22      1%          4
 Fulminant Prism          Conj/Alch      36%        3d18      1%          4
 Ignite Poison            Fire/Alch      72%        N/A       1%          4
 Iskenderun's Mystic Bla  Conj/Tloc      68%        2d14      1%          4
 Martyr's Knell           Necr/Summ      65%        N/A       1%          4
 Petrify                  Alch/Erth      72%        N/A       1%          4
 Summon Lightning Spire   Summ/Air       68%        N/A       1%          4
 Arcjolt                  Conj/Air       35%        1d45      1%          5
 Freezing Cloud           Conj/Ice/Air   35%        6-21      1%          5
 Irradiate                Conj/Alch      36%        3d23      1%          5
 Lee's Rapid Deconstruct  Erth           35%        3d18*     1%          5
 Metabolic Englaciation   Hex/Ice        34%        N/A       1%          5
 Starburst                Conj/Fire      35%        6d10      1%          6
 Dispersal                Tloc           32%        N/A       2%          6
 Ozocubu's Refrigeration  Ice            35%        4d15      6%          7
 Summon Hydra             Summ           32%        N/A       14%         7
 Lehudib's Crystal Spear  Conj/Erth      35%        10d9      41%         8
 Ignition                 Fire           35%        3d11      43%         8
 Maxwell's Capacitive Co  Air            35%        ∞         43%         8
 Borgnjor's Revivificati  Necr           32%        N/A       73%         8
 Disjunction              Tloc           32%        N/A       73%         8
 Infestation              Necr           32%        N/A       73%         8
 Death's Door             Necr           32%        N/A       100%        9
 Dragon's Call            Summ           32%        N/A       100%        9
 Fire Storm               Conj/Fire      35%        8d9       100%        9
 Polar Vortex             Ice            35%        12d4*     100%        9


Dungeon Overview and Level Annotations

Branches:
Dungeon (15/15)            Temple (1/1) D:4            Lair (5/5) D:11
  Swamp (4/4) Lair:3        Snake (4/4) Lair:3        Slime (0/5) Lair:5
    Orc (2/2) D:9             Elf (3/3) Orc:2        Vaults (2/5) D:13
  Crypt (0/3) Vaults:2     Depths (1/4) D:15          IceCv (visited)
Desolation (visited)

Altars:
Ashenzari
Cheibriados
Dithmenos
Elyvilon
Fedhas
Gozag
Hepliaklqana
Kikubaaqudgha
Makhleb
Nemelex Xobeh
Okawaru
Qazlal
Ru
Sif Muna
Trog
Uskayaw
Vehumet
Wu Jian
Xom
Yredelemnul
Zin
The Shining One
Jiyva

Shops:
D:7 [   D:8 (   Orc:2 [?:?   Elf:2 ([   Elf:3 =:=   Snake:1 !   Snake:3 =*(
Vaults:2 *

Portals:
Trove: D:13 (give +5 demon whip)

Annotations:
D:15 5 transporters
Vaults:1 2 transporters, sdynet's ghost, adept MDRe
Vaults:2 Xtahua


Innate Abilities, Weirdness & Mutations

You are a fearsome dragon!
You have a powerful clawing attack.
Your giant scaled body is strong and resilient, but less evasive.
You can breathe fire.
You are flying.
Your maximum health is increased.
Your armour is entirely melded.
You are incapable of wielding weapons or throwing items.
((You have very sharp teeth.))
Your uncanny sense of smell can sniff out nearby items.
Your experience applies equally to all skills.
Your body sometimes deteriorates upon taking damage.


Message History

The searing blast hits you! You resist.
* * * LOW HITPOINT WARNING * * *
Okay, then.
Unknown command.
Unknown command.
Okay, then.
Unknown command.
You feel much better. Xtahua bites you!!
* * * LOW HITPOINT WARNING * * *
Xtahua closely misses you. Xtahua tramples you.
* * * LOW HITPOINT WARNING * * *
You hold your ground!
The nameless horror hits you!
* * * LOW HITPOINT WARNING * * *
You feel your power leaking away.
Okay, then.
As you read the scroll of fear, it crumbles to dust.
You assume a fearsome visage.
The nameless horror is unaffected.
Xtahua resists with almost no effort.
Xtahua bites you!!
* * * LOW HITPOINT WARNING * * *
Your body deteriorates!
You feel weakened. Xtahua claws you but does no damage. Xtahua tramples you!
* * * LOW HITPOINT WARNING * * *
You hold your ground!
The nameless horror hits you!
* * * LOW HITPOINT WARNING * * *
You feel your power leaking away.
Okay, then.
Unknown command.
Okay, then.
You are too injured to fight recklessly!
Okay, then.
Unknown command.
Okay, then.
Unknown command.
Casting: Haunt (dangerous; 14% risk of failure)
Confirm with . or Enter, or press ? or * to list all spells.
You blink.
Xtahua breathes fire at you. The searing blast hits you! You resist.
You die...
Xtahua belches a long, triumphant arc of flame.

#.#.#Z.)#.#.'.......*#.
#.#.#zZ.#.#.#.......*#.
#.#.#...#.#.#.......*#.
#.#.#####.#†#.......*#.
#.#.......#.########*#)
#.#########.# #. #...........# #c
#####################D##########Q
................D....§...........
......................X.........p
.................................
.....................§...........
##'######################'###....
......# *,,...{......#....
......# *,,..........#....
......# *,,....>.....#....
.<...)# *,,.....{....#....


You could see Xtahua (catching breath) and a nameless horror.

Vanquished Creatures
  Vashnia (Snake:3)
  Zenata (Elf:3)
  Jorgrun (Swamp:3)
  A deep elf blademaster (Elf:3)
  A deep elf master archer (Elf:3)
  2 sphinxes (Vaults:2)
  An ancient champion (Vaults:2)
  Agnes (Snake:2)
  A tengu reaver (Vaults:2)
  Aizul (Snake:1)
  A storm dragon (Vaults:2)
  The ghost of ksj2083 the Warrior, a journeyman MiFi of Okawaru (Snake:1)
  An imperial myrmidon (Desolation)
  2 fire giants
  4 nagarajas
  2 deep elf sorcerers
  6 vault wardens
  5 ironbound preservers
  A very ugly thing (Vaults:2)
  A stone giant (D:15)
  3 orc warlords
  4 ironbound thunderhulks (Vaults:1)
  4 eleionomae
  4 deep elf demonologists
  6 deep elf death magi
  2 bunyips
  4 deep elf annihilators
  3 shambling mangroves
  Josephine (D:10)
  2 deep elf high priests
  6 yaktaur captains
  3 entropy weavers
  5 ragged hierophants (Desolation)
  Fannar (D:10)
  Harold (Lair:1)
  4 great orbs of eyes
  A ghost crab (Swamp:3)
  6 peacekeepers (Desolation)
  12 hydras
  An ice dragon (Swamp:2)
  A servant of whispers (Desolation)
  A two-headed ogre (shapeshifter) (Vaults:2)
  5 vault guards
  11 anacondas
  2 ogre magi (D:15)
  2 catoblepae
  7 centaur warriors
  29 dancing weapons
  4 ironbound frosthearts
  2 alligators (Swamp:4)
  A boulder beetle (Vaults:2)
  10 two-headed ogres (D:15)
  6 tengu warriors
  11 death yaks
  15 naga sharpshooters
  A deep troll shaman (Lair:5)
  14 naga warriors
  6 shock serpents
  6 orc high priests (Orc:2)
  Nergalle (Orc:1)
  6 salamander mystics
  2 skysharks
  5 skeletal warriors (Vaults:2)
  21 deep elf knights
  5 goliath frogs
  4 spriggan druids
  2 arcanists
  3 glowing orange brains (Vaults:1)
  5 mana vipers
  4 swamp dragons
  5 nameless horrors
  A phantasmal warrior (Vaults:2)
  3 harpies
  16 deep elf archers
  14 ironbound convokers
  7 naga ritualists
  8 deep trolls
  2 thermic dynamos (Elf:1)
  9 orc knights
  9 lindwurms
  22 deep elf zephyrmancers
  9 ugly things
  An obsidian bat (D:9)
  32 deep elf pyromancers
  2 necromancers (Vaults:1)
  A manticore (D:11)
  14 salamanders
  Maurice (D:10)
  3 cyclopes
  26 elephants
  2 meliai (shapeshifter)
  A frost giant skeleton (Vaults:2)
  A stone giant skeleton (Vaults:2)
  34 black mambas
  13 cane toads
  4 kobold blastminers (Orc:2)
  Joseph (D:9)
  14 naga magi
  8 vault sentinels
  An elf skeleton (Vaults:2)
  7 guardian serpents
  A molten gargoyle (Desolation)
  An orange demon (Orc:2)
  Maggie (Lair:1)
  3 unseen horrors
  11 komodo dragons
  2 freezing wraiths (IceCv)
  A tengu conjurer (D:15)
  2 rime drakes
  12 yaktaurs
  3 yaktaur skeletons (Vaults:2)
  A golden dragon simulacrum (IceCv)
  6 trolls
  5 polar bears
  A blink frog (shapeshifter) (D:13)
  15 blink frogs
  13 hornets
  A raiju (shapeshifter) (Elf:3)
  6 tyrant leeches
  A raiju (Orc:2)
  A wolf spider simulacrum (D:13)
  42 saltlings (Desolation)
  2 shadows
  11 dream sheep
  4 air elementals
  A spriggan (shapeshifter) (D:13)
  10 spriggans
  A jumping spider (Vaults:1)
  22 slime creatures
  2 wyverns
  3 water elementals
  A fire bat (Orc:2)
  A vampire (D:12)
  A fire elemental (Elf:2)
  55 yaks
  4 basilisks
  A deep troll skeleton (Vaults:2)
  5 wargs
  4 humans (D:13)
  6 wraiths
  9 vampire mosquitoes
  A steam dragon (D:7)
  3 redbacks
  6 swamp worms
  A hell hound (Orc:2)
  12 water moccasins
  3 acid dragons
  41 nagas
  3 swamp drakes (Swamp:4)
  An ettin simulacrum (IceCv)
  41 orc warriors
  4 ice beasts
  6 black bears
  A sky beast (D:7)
  15 wolves
  9 centaurs
  10 ogres
  4 human skeletons (Vaults:2)
  3 phantoms
  17 bullfrogs
  3 gnoll sergeants
  2 earth elementals
  A scorpion (D:4)
  4 wights (D:8)
  6 killer bees (D:9)
  A troll zombie (D:9)
  2 vampire bats (D:5)
  3 howler monkeys (D:10)
  A bombardier beetle (D:5)
  4 electric eels
  A crimson imp (D:9)
  3 jellies
  Crazy Yiuf (D:7)
  23 orc priests
  A hound (D:7)
  An iron imp (D:9)
  4 iguanas
  19 orc wizards
  A sleepcap (D:6)
  7 ogre zombies (D:9)
  9 gnolls
  9 adders
  2 shadow imps
  2 white imps
  4 ufetubi
  A dart slug (D:2)
  69 orcs
  3 bat skeletons (D:5)
  3 bat zombies (D:5)
  10 endoplasms
  5 giant cockroaches
  3 gnoll zombies (D:9)
  3 goblins
  4 hobgoblins
  6 jackals (D:2)
  2 quokkas
  11 ball pythons
  6 bats
  2 frilled lizards (D:3)
  2 gnoll skeletons (D:9)
  7 kobolds
  2 orc skeletons (D:9)
  18 orc zombies (D:9)
  7 rats
1302 creatures vanquished.

Vanquished Creatures (collateral kills)
  Mara (Swamp:4)
  A tentacled monstrosity (Swamp:4)
  A deep elf blademaster (Elf:3)
  A deep elf master archer (Elf:3)
  A sphinx (Depths:1)
  Frances (Swamp:2)
  Donald (Swamp:1)
  A deep elf elementalist (Elf:3)
  2 deep elf sorcerers (Elf:3)
  A very ugly thing (IceCv)
  2 deep elf annihilators (Elf:3)
  2 deep elf demonologists (Elf:3)
  4 bunyips
  An eleionoma (Swamp:4)
  A halazid warlock (Desolation)
  A fire dragon (Swamp:4)
  2 crystal guardians (Desolation)
  A deep elf high priest (Elf:3)
  A shambling mangrove (Swamp:4)
  2 ragged hierophants (Desolation)
  3 servants of whispers (Desolation)
  3 alligators
  9 hydras
  A caustic shrike simulacrum (IceCv)
  A centaur warrior (Vaults:2)
  A naga sharpshooter (Snake:1)
  4 goliath frogs
  A deep elf archer (Elf:3)
  4 swamp dragons (Swamp:4)
  An ironbound convoker (Vaults:2)
  A lindwurm (Swamp:4)
  A deep elf zephyrmancer (Elf:3)
  An orange crystal statue (IceCv)
  3 will-o-the-wisps
  A nameless horror (Swamp:4)
  A naga mage (Snake:1)
  A black mamba (Snake:1)
  2 guardian serpents
  A molten gargoyle (Desolation)
  3 yaktaurs (Vaults:2)
  2 tyrant leeches (Swamp:3)
  6 saltlings (Desolation)
  A harpy simulacrum (IceCv)
  A naga (Snake:1)
  A hydra simulacrum (IceCv)
  A swamp worm (Swamp:2)
  A swamp drake (Swamp:4)
  An ettin simulacrum (IceCv)
  A lindwurm simulacrum (IceCv)
86 creatures vanquished.

Vanquished Creatures (others)
  An angel (D:3)
  A very ugly thing (IceCv)
  A deep elf annihilator (Elf:3)
  An anaconda (Snake:1)
  A deep elf pyromancer (Elf:1)
  2 vault sentinels (Vaults:2)
  2 black mambas
  3 bloated husks
  A harpy simulacrum (IceCv)
  An orc (Orc:1)
  4 foxfires
18 creatures vanquished.

Grand Total: 1406 creatures vanquished

Notes
Turn   | Place    | Note
-------+----------+-------------------------------------------
     0 | D:1      | Com123 the Gnoll Alchemist began the quest for the Orb.
     0 | D:1      | Reached XP level 1. HP: 13/13 MP: 6/6
   528 | D:1      | Reached XP level 2. HP: 19/19 MP: 5/7
  1206 | D:2      | Reached skill level 5 in Spellcasting
  1206 | D:2      | Reached XP level 3. HP: 22/25 MP: 0/9
  1364 | D:2      | Reached skill level 1 in Invocations
  1566 | D:2      | Reached skill level 1 in Fighting
  1566 | D:2      | Reached skill level 1 in Short Blades
  1566 | D:2      | Reached skill level 1 in Long Blades
  1566 | D:2      | Reached skill level 1 in Axes
  1566 | D:2      | Reached skill level 1 in Maces & Flails
  1566 | D:2      | Reached skill level 1 in Polearms
  1566 | D:2      | Reached skill level 1 in Staves
  1566 | D:2      | Reached skill level 1 in Ranged Weapons
  1566 | D:2      | Reached skill level 1 in Throwing
  1566 | D:2      | Reached skill level 1 in Armour
  1566 | D:2      | Reached skill level 1 in Shields
  1566 | D:2      | Reached skill level 1 in Unarmed Combat
  1566 | D:2      | Reached skill level 1 in Evocations
  1571 | D:2      | Learned a level 2 spell: Mercury Vapours
  1958 | D:3      | Reached skill level 1 in Shapeshifting
  1958 | D:3      | Reached XP level 4. HP: 32/32 MP: 9/11
  2151 | D:3      | Killed an angel
  2263 | D:3      | Found a shimmering altar of Xom.
  2265 | D:3      | Found a glowing silver altar of Zin.
  2287 | D:3      | Reached skill level 1 in Hexes
  2287 | D:3      | Reached skill level 1 in Summonings
  2287 | D:3      | Reached skill level 1 in Necromancy
  2287 | D:3      | Reached skill level 1 in Translocations
  2287 | D:3      | Reached skill level 1 in Fire Magic
  2287 | D:3      | Reached skill level 1 in Ice Magic
  2287 | D:3      | Reached skill level 1 in Air Magic
  2287 | D:3      | Reached skill level 1 in Earth Magic
  2743 | D:4      | Noticed a scorpion
  2851 | D:4      | Killed a scorpion
  2852 | D:4      | Reached XP level 5. HP: 21/37 MP: 4/12
  3118 | D:4      | Noticed an ogre
  3159 | D:4      | Learned a level 3 spell: Mephitic Cloud
  3219 | D:4      | Reached skill level 2 in Invocations
  3339 | D:4      | Found a staircase to the Ecumenical Temple.
  3392 | Temple   | Entered the Ecumenical Temple
  3615 | D:4      | Found a faded altar of an unknown god.
  3615 | D:4      | Found the Hermit's Pendant {Faith Invo=14 Evo=0 MP+5}
  3624 | D:4      | Reached XP level 6. HP: 44/44 MP: 5/14
  3840 | D:4      | Reached skill level 5 in Dodging
  3901 | D:4      | Noticed a black bear
  3929 | D:4      | Killed a black bear
  4041 | D:5      | Entered Level 5 of the Dungeon
  4312 | D:5      | Noticed an ice beast
  4637 | D:5      | Found an ancient bone altar of Kikubaaqudgha.
  4686 | D:5      | Reached XP level 7. HP: 50/50 MP: 13/17
  5173 | D:5      | Found a sacrificial altar of Ru.
  5908 | D:5      | Found a sparkling altar of Nemelex Xobeh.
  5987 | D:5      | Reached skill level 5 in Stealth
  5987 | D:5      | Reached skill level 3 in Invocations
  6736 | D:6      | Reached XP level 8. HP: 55/58 MP: 13/18
  7556 | D:6      | Reached skill level 4 in Invocations
  7690 | D:6      | Found a radiant altar of Vehumet.
  8375 | D:7      | Reached XP level 9. HP: 47/65 MP: 19/19
  8613 | D:7      | Found Evoon's Antique Armour Emporium.
  9497 | D:7      | Found a runed translucent door.
  9498 | D:7      | Noticed Crazy Yiuf
  9530 | D:8      | Found Yluicsen's Weapon Emporium.
 10047 | D:8      | Reached skill level 5 in Invocations
 10088 | D:8      | Reached skill level 5 in Fighting
 10088 | D:8      | Reached skill level 5 in Short Blades
 10088 | D:8      | Reached skill level 5 in Long Blades
 10088 | D:8      | Reached skill level 5 in Axes
 10088 | D:8      | Reached skill level 5 in Maces & Flails
 10088 | D:8      | Reached skill level 5 in Polearms
 10088 | D:8      | Reached skill level 5 in Staves
 10088 | D:8      | Reached skill level 5 in Ranged Weapons
 10088 | D:8      | Reached skill level 5 in Throwing
 10088 | D:8      | Reached skill level 5 in Armour
 10088 | D:8      | Reached skill level 5 in Shields
 10088 | D:8      | Reached skill level 5 in Unarmed Combat
 10088 | D:8      | Reached skill level 5 in Evocations
 10223 | D:8      | Reached XP level 10. HP: 74/74 MP: 20/20
 10688 | D:9      | Noticed Joseph
 10704 | D:9      | Killed Joseph
 10891 | D:9      | Learned a level 4 spell: Sticky Flame
 11167 | D:9      | Reached skill level 5 in Conjurations
 11513 | D:9      | Reached skill level 6 in Invocations
 11519 | D:9      | Reached skill level 5 in Shapeshifting
 11879 | D:9      | Found a staircase to the Orcish Mines.
 12306 | D:10     | Entered Level 10 of the Dungeon
 12324 | D:10     | Found an ornate altar of the Wu Jian Council.
 12649 | D:9      | Found a broken altar of Ashenzari.
 12667 | D:9      | Became a worshipper of Ashenzari the Shackled
 12981 | D:7      | Killed Crazy Yiuf
 13091 | D:9      | Learned a level 4 spell: Olgreb's Toxic Radiance
 13339 | Orc:1    | Entered Level 1 of the Orcish Mines
 13859 | Orc:1    | Noticed an obsidian bat
 14022 | D:10     | Noticed Maurice
 14028 | D:10     | Killed Maurice
 14029 | D:10     | Reached skill level 5 in Hexes
 14029 | D:10     | Reached skill level 5 in Summonings
 14029 | D:10     | Reached skill level 5 in Necromancy
 14029 | D:10     | Reached skill level 5 in Translocations
 14029 | D:10     | Reached skill level 5 in Fire Magic
 14029 | D:10     | Reached skill level 5 in Ice Magic
 14029 | D:10     | Reached skill level 5 in Air Magic
 14029 | D:10     | Reached skill level 5 in Earth Magic
 14029 | D:10     | Reached XP level 11. HP: 81/81 MP: 17/22
 14947 | D:10     | Reached skill level 7 in Invocations
 15322 | D:10     | Found an opulent altar of Gozag.
 15372 | D:10     | Noticed Fannar
 15384 | D:10     | Killed Fannar
 15710 | D:10     | Noticed Josephine
 15851 | D:10     | Killed Josephine
 15977 | D:10     | Found a stormy altar of Qazlal.
 16285 | D:11     | Noticed a manticore
 16305 | D:11     | Killed a manticore
 16790 | D:11     | Reached * piety under Ashenzari
 16790 | D:11     | Identified 2 scrolls of acquirement
 16798 | D:11     | Found a staircase to the Lair.
 16829 | D:11     | Noticed a cyclops
 16858 | D:11     | Killed a cyclops
 17218 | Lair:1   | Entered Level 1 of the Lair of Beasts
 17237 | Lair:1   | Reached XP level 12. HP: 83/91 MP: 5/24
 17479 | Lair:1   | Reached skill level 8 in Invocations
 18101 | Lair:1   | Noticed Harold
 18119 | Lair:1   | Noticed Maggie
 18121 | Lair:1   | Killed Harold
 18142 | Lair:1   | Killed Maggie
 19343 | Lair:2   | Acquired 660 gold pieces
 19344 | Lair:2   | Acquired 748 gold pieces
 19346 | Lair:2   | Acquired the +1 cloak of Guxtabut {rPois rCorr Dex-3
                  | Stlth+}
 19357 | Lair:2   | Reached ** piety under Ashenzari
 19367 | Lair:2   | Noticed a four-headed hydra
 19790 | Lair:2   | Reached XP level 13. HP: 97/98 MP: 21/26
 19837 | Lair:2   | Reached skill level 9 in Invocations
 20805 | Lair:2   | Identified the +0 dagger "Loemem" {venom, Int+5}
 21162 | Lair:3   | Found a staircase to the Swamp.
 21189 | Lair:3   | Reached skill level 10 in Spellcasting
 21636 | Lair:3   | Found a staircase to the Snake Pit.
 22292 | Lair:4   | Reached skill level 10 in Dodging
 22680 | Lair:4   | Reached skill level 10 in Stealth
 23088 | Lair:3   | Reached skill level 10 in Invocations
 23088 | Lair:3   | Reached XP level 14. HP: 91/108 MP: 9/28
 23609 | Lair:4   | Upgraded the game from 0.32-a0-815-g315f82d to
                  | 0.32-a0-816-g4c8b870
 24108 | Lair:4   | Reached *** piety under Ashenzari
 24225 | Lair:5   | Entered Level 5 of the Lair of Beasts
 24700 | Lair:5   | Found a staircase to the Slime Pits.
 25047 | Lair:4   | Identified the cursed +0 kite shield "Per Aspera Ad
                  | Scientiam" {Elem, Cun} (You took it off a gnoll sergeant on
                  | level 7 of the Dungeon)
 25343 | Lair:5   | Found a viscous altar of Jiyva.
 26120 | Lair:5   | Reached skill level 10 in Alchemy
 26359 | Lair:5   | Identified the Tome of Solid Incineration
 26408 | Lair:5   | Learned a level 3 spell: Stone Arrow
 26867 | Orc:1    | Upgraded the game from 0.32-a0-816-g4c8b870 to
                  | 0.32-a0-818-gb728d02
 26980 | Orc:1    | Noticed Nergalle
 27001 | Orc:1    | Killed Nergalle
 27002 | Orc:1    | Reached skill level 10 in Fighting
 27002 | Orc:1    | Reached skill level 10 in Short Blades
 27002 | Orc:1    | Reached skill level 10 in Long Blades
 27002 | Orc:1    | Reached skill level 10 in Axes
 27002 | Orc:1    | Reached skill level 10 in Maces & Flails
 27002 | Orc:1    | Reached skill level 10 in Polearms
 27002 | Orc:1    | Reached skill level 10 in Staves
 27002 | Orc:1    | Reached skill level 10 in Ranged Weapons
 27002 | Orc:1    | Reached skill level 10 in Throwing
 27002 | Orc:1    | Reached skill level 10 in Armour
 27002 | Orc:1    | Reached skill level 10 in Shields
 27002 | Orc:1    | Reached skill level 10 in Unarmed Combat
 27002 | Orc:1    | Reached skill level 10 in Evocations
 27183 | Orc:1    | Reached **** piety under Ashenzari
 27267 | Orc:2    | Entered Level 2 of the Orcish Mines
 27820 | Orc:2    | Reached XP level 15. HP: 76/115 MP: 23/30
 28003 | Orc:2    | Reached skill level 11 in Invocations
 28226 | Orc:2    | Found a staircase to the Elven Halls.
 28484 | Orc:2    | Found a shimmering altar of Xom.
 28543 | Orc:2    | Found a shimmering altar of Xom.
 28722 | Orc:2    | Noticed an orc warlord
 28744 | Orc:2    | Killed an orc warlord
 29849 | Orc:2    | Found Guogg's Magic Scroll Emporium.
 29849 | Orc:2    | Found Lidgh's Book Emporium.
 29850 | Orc:2    | Found Taclyqe's Magic Scroll Shoppe.
 29850 | Orc:2    | Found Naaqe's Armour Emporium.
 29857 | Orc:2    | Bought a scroll of fear for 64 gold pieces
 29857 | Orc:2    | Bought a scroll of fog for 64 gold pieces
 29857 | Orc:2    | Bought a scroll of fear for 64 gold pieces
 29858 | Orc:2    | Bought 2 scrolls of teleportation for 90 gold pieces
 29858 | Orc:2    | Bought a scroll of revelation for 112 gold pieces
 29858 | Orc:2    | Bought a scroll of enchant weapon for 112 gold pieces
 29950 | D:10     | Learned a level 2 spell: Blink
 29957 | D:10     | Learned a level 6 spell: Permafrost Eruption
 30083 | Snake:1  | Entered Level 1 of the Snake Pit
 30254 | Snake:1  | Found a runed translucent gate.
 30254 | Snake:1  | Noticed a nagaraja
 30255 | Snake:1  | Found a runed translucent gate.
 30255 | Snake:1  | Noticed ksj2083's ghost (journeyman MiFi)
 30256 | Snake:1  | Found a runed translucent gate.
 30966 | Snake:1  | Identified the serpent talisman of the Chewing Gods {Int+5}
 30966 | Snake:1  | Noticed Aizul
 31183 | Snake:1  | Found Fiamoymy's Distillery.
 31189 | Snake:1  | Bought a potion of heal wounds for 80 gold pieces
 31189 | Snake:1  | Bought a potion of heal wounds for 80 gold pieces
 31189 | Snake:1  | Bought a potion of curing for 48 gold pieces
 32108 | Snake:2  | Reached skill level 10 in Shapeshifting
 32343 | Snake:2  | Reached XP level 16. HP: 108/124 MP: 1/32
 32674 | Snake:2  | Noticed Agnes
 32684 | Snake:2  | Killed Agnes
 32868 | Snake:2  | Reached skill level 12 in Invocations
 33618 | Snake:3  | Noticed Vashnia
 34122 | Snake:4  | Entered Level 4 of the Snake Pit
 34624 | Snake:3  | Found Xink's Antique Weapon Shoppe.
 34626 | Snake:3  | Found Jotyeqag's Assorted Antiques.
 34628 | Snake:3  | Found Sethruank's Jewellery Shoppe.
 34634 | Snake:3  | Bought a scroll of teleportation for 87 gold pieces
 34634 | Snake:3  | Bought a potion of heal wounds for 145 gold pieces
 35162 | Snake:3  | Killed Vashnia
 36955 | Snake:4  | Reached skill level 10 in Conjurations
 37750 | Snake:4  | Noticed a nagaraja
 38414 | Snake:4  | Killed a nagaraja
 38569 | Snake:3  | Reached XP level 17. HP: 133/133 MP: 1/33
 39072 | Snake:4  | Reached skill level 10 in Hexes
 39072 | Snake:4  | Reached skill level 10 in Summonings
 39072 | Snake:4  | Reached skill level 10 in Necromancy
 39072 | Snake:4  | Reached skill level 10 in Translocations
 39072 | Snake:4  | Reached skill level 10 in Fire Magic
 39072 | Snake:4  | Reached skill level 10 in Ice Magic
 39072 | Snake:4  | Reached skill level 10 in Air Magic
 39072 | Snake:4  | Reached skill level 10 in Earth Magic
 39603 | Snake:4  | Got a serpentine rune of Zot
 40116 | D:12     | Found an iron altar of Okawaru.
 40953 | D:13     | Found a blossoming altar of Fedhas.
 41055 | D:13     | Reached skill level 13 in Invocations
 41124 | D:13     | Found a portal to a secret trove of treasure.
 41436 | D:13     | Found a gate to the Vaults.
 41503 | Vaults:1 | Entered Level 1 of the Vaults
 42867 | D:14     | Found a hide-covered altar of Uskayaw.
 42962 | D:14     | Found the amulet of the Air {Inacc Air Fly rElec RMsl}
 43081 | D:15     | Entered Level 15 of the Dungeon
 43081 | D:15     | Identified the ring of Pyenubode {rPois rN+ Int+2 SInv}
 43087 | D:15     | Found a transporter.
 43088 | D:15     | Found a transporter.
 43723 | D:15     | Found a transporter.
 43728 | D:15     | Found a transporter.
 43841 | D:15     | Found a transporter.
 43845 | D:15     | Found a transporter.
 44140 | D:15     | Found a staircase to the Depths.
 44942 | Vaults:1 | Reached XP level 18. HP: 123/141 MP: 8/35
 45348 | Vaults:1 | Identified the cursed +2 pair of boots of Ashenzari's
                  | Pleiades {Bglg, Comp} (You found it on level 7 of the
                  | Dungeon)
 45348 | Vaults:1 | Identified the cursed +2 kite shield "Astral Gloom" {rN+,
                  | Melee, Cun} (You took it off a naga warrior on level 1 of
                  | the Snake Pit)
 47214 | Vaults:1 | Found a transporter.
 47214 | Vaults:1 | Noticed sdynet's ghost (adept MDRe)
 47232 | Vaults:1 | Identified the +0 dagger "Leun Xiu" {heavy, rPois Int+4
                  | Dex-4}
 47235 | Vaults:1 | Noticed a dread lich
 47258 | Vaults:1 | Noticed a lich
 47259 | Vaults:1 | Identified the +11 short sword "Taerall" {flame, Fly}
 47281 | Vaults:1 | Found a transporter.
 48440 | Vaults:2 | Reached skill level 14 in Invocations
 48904 | Vaults:2 | Found a staircase to the Crypt.
 49666 | Vaults:2 | Noticed Xtahua
 50241 | Snake:1  | Killed Aizul
 50242 | Snake:1  | Reached XP level 19. HP: 54/154 MP: 2/38
 50477 | Snake:1  | Learned a level 7 spell: Haunt
 50680 | Snake:1  | Killed ksj2083's ghost
 50928 | Swamp:1  | Entered Level 1 of the Swamp
 51896 | Swamp:1  | Identified the +3 leather armour of Rationality {rElec
                  | Dex+3 Slay-2}
 52204 | Swamp:2  | Noticed Donald
 52561 | Swamp:1  | Killed Donald
 52669 | Swamp:2  | Found a glacial archway.
 52723 | IceCv    | Entered an ice cave
 52726 | IceCv    | Found a transporter.
 52840 | IceCv    | Found a transporter.
 52910 | IceCv    | Learned a level 4 spell: Manifold Assault
 53213 | Swamp:2  | Learned a level 5 spell: Fireball
 53454 | Swamp:2  | Gained mutation: Your body sometimes deteriorates upon
                  | taking damage. [a neqoxec]
 53462 | Swamp:2  | Noticed Frances
 53868 | Swamp:2  | Killed Frances
 53935 | Swamp:2  | Identified the +7 rapier of Guzac {venom, rCorr Dex+3}
 54094 | Swamp:3  | Noticed Jorgrun
 54097 | Swamp:3  | Killed Jorgrun
 54393 | Swamp:3  | Identified the +6 quarterstaff "Dyzych" {protect, rN+}
 54943 | Swamp:4  | Entered Level 4 of the Swamp
 54943 | Swamp:4  | Noticed a tentacled monstrosity
 54951 | Swamp:4  | Noticed Mara
 55505 | Swamp:4  | Killed a tentacled monstrosity
 55891 | Swamp:4  | Reached skill level 15 in Invocations
 56022 | Swamp:4  | Noticed Com123's illusion
 56129 | Swamp:4  | Noticed Com123's illusion
 56297 | Swamp:4  | Killed Mara
 56433 | Swamp:4  | Reached XP level 20. HP: 67/163 MP: 2/40
 56882 | Swamp:4  | Got a decaying rune of Zot
 57106 | Swamp:4  | Learned a level 2 spell: Sublimation of Blood
 57327 | Elf:1    | Entered Level 1 of the Elven Halls
 58482 | Elf:1    | Found an ancient bone altar of Kikubaaqudgha.
 58598 | Elf:2    | Found a crumbling gateway.
 58599 | Elf:2    | Found Wubiteir's Antique Armour Emporium.
 58603 | Elf:2    | Bought a crude chain mail for 427 gold pieces
 58603 | Elf:2    | Identified the +1 chain mail "Ucanyx" {-Cast rC- Regen+
                  | Dex+6} (You bought it in a shop on level 2 of the Elven
                  | Halls)
 58603 | Elf:2    | Bought a pair of ichor-stained gloves for 427 gold pieces
 58603 | Elf:2    | Identified the -1 pair of gloves "Kif Haose" {rC+ Will+
                  | Regen+ Dex-2} (You bought it in a shop on level 2 of the
                  | Elven Halls)
 58603 | Elf:2    | Bought a pair of scorched boots for 427 gold pieces
 58603 | Elf:2    | Identified the -1 pair of boots "Huho" {Int+5} (You bought
                  | it in a shop on level 2 of the Elven Halls)
 58672 | Desolati | Entered the Desolation of Salt
 58694 | Desolati | Identified the Information on Transposed Embers
 58694 | Desolati | Identified the Vellum of the Inclement Volley
 58899 | Desolati | Identified the +2 plate armour "Ujisurch" {*Corrode +Blink
                  | rC+}
 59065 | Desolati | Reached skill level 15 in Spellcasting
 59637 | Desolati | Identified the +1 scimitar of Vaisoriq {heavy, rPois rC+}
 59735 | Desolati | Reached skill level 15 in Dodging
 59862 | Desolati | Identified the amulet of Zolahigu {rC++ Will+ RegenMP+
                  | Str-4}
 59865 | Desolati | Identified the Catalogue of the Icicle
 59865 | Desolati | Identified the staff of Ezinn {rElec rPois rCorr Str-3 SInv
                  | Alchemy}
 60069 | Desolati | Identified the Almanac of Charms and Embers
 60760 | Elf:2    | Found Vemuuh's Weapon Shoppe.
 61004 | Elf:2    | Found a runed translucent gate.
 61004 | Elf:2    | Found a runed translucent gate.
 61006 | Elf:2    | Found a runed translucent gate.
 61248 | Elf:2    | Reached skill level 15 in Stealth
 62323 | Elf:3    | Entered Level 3 of the Elven Halls
 62523 | Elf:3    | Paralysed by an air elemental for 1 turns
 62528 | Elf:3    | Paralysed by an air elemental for 1 turns
 62612 | Elf:3    | Reached XP level 21. HP: 132/171 MP: 23/42
 63287 | Elf:3    | Found Kats's Jewellery Shop.
 63287 | Elf:3    | Found Igep's Book Emporium.
 63288 | Elf:3    | Found Guextoz's Jewellery Shop.
 63610 | Elf:3    | Reached skill level 16 in Invocations
 63634 | Elf:3    | Reached ***** piety under Ashenzari
 64185 | Elf:3    | Paralysed by an air elemental for 1 turns
 64187 | Elf:3    | Paralysed by an air elemental for 1 turns
 64303 | Elf:3    | Paralysed by an air elemental for 1 turns
 64656 | Elf:3    | Noticed Zenata
 64675 | Elf:3    | Killed Zenata
 64927 | Abyss:3  | Cast into level 3 of the Abyss (a deep elf sorcerer)
 65038 | Elf:3    | Escaped the Abyss
 65793 | Elf:3    | Identified the Catalogue of Bloodied Flames
 66189 | Orc:2    | Bought a scroll of amnesia for 60 gold pieces
 66189 | Orc:2    | Bought a scroll of fog for 60 gold pieces
 66542 | Elf:1    | Reached skill level 15 in Fighting
 66542 | Elf:1    | Reached skill level 15 in Short Blades
 66542 | Elf:1    | Reached skill level 15 in Long Blades
 66542 | Elf:1    | Reached skill level 15 in Axes
 66542 | Elf:1    | Reached skill level 15 in Maces & Flails
 66542 | Elf:1    | Reached skill level 15 in Polearms
 66542 | Elf:1    | Reached skill level 15 in Staves
 66542 | Elf:1    | Reached skill level 15 in Ranged Weapons
 66542 | Elf:1    | Reached skill level 15 in Throwing
 66542 | Elf:1    | Reached skill level 15 in Armour
 66542 | Elf:1    | Reached skill level 15 in Shields
 66542 | Elf:1    | Reached skill level 15 in Unarmed Combat
 66542 | Elf:1    | Reached skill level 15 in Evocations
 67179 | Depths:1 | Entered Level 1 of the Depths
 67193 | Depths:1 | Paralysed by a sphinx for 5 turns
 67954 | Vaults:2 | Learned a level 4 spell: Vhi's Electric Charge
 68122 | Vaults:2 | Found Bett's General Store.
 68275 | Vaults:2 | HP: 9/199 [Xtahua (10)]
 68275 | Vaults:2 | HP: 1/199 [nameless horror[miscasting Haunt] (8)]
 68276 | Vaults:2 | Killed from afar by Xtahua

Illustrated notes

Levels and vault maps discovered:
D:1:      sevenhm_arrival_forest_fort_large_1, layout_loops_ring
D:2:      layout_loops_cross, serial_rivers, chequers_serial_rivers_small_3,
          chequers_serial_rivers_small_3, chequers_serial_rivers_room_b,
          chequers_serial_rivers_small_a, chequers_serial_rivers_marsh,
          minmay_cut_off
D:3:      layout_rooms, grunt_temple_overflow_order_and_chaos_1,
          columned_hall_lemuel, st_stairs_13
D:4:      minmay_evil_eye, layout_cave_pools, temple_hall,
          hellmonk_guarded_unrand_hermit
D:5:      layout_loops_ring, kennysheep_vampire_church,
          nemelex_diamond_rough_becter, mainiacjoe_overflow_tiny_flanked,
          nicolae_zen_rock_garden, grunt_decor_mini_mirrors
D:6:      minmay_spotlight, layout_basic, nicolae_vehumet_altar_sigil,
          minmay_fractal_squares_5
D:7:      nicolae_whirlpool, layout_loops_corners, serial_shops, shop_fountains,
          nicolae_fountain_basement, uniq_crazy_yiuf_cottage
D:8:      layout_rooms, serial_shops, shop
D:9:      layout_roguey, general_overflow_altar, zombieorc2_lemuel, uniq_joseph
D:10:     layout_stronghold, nicolae_qazlal_eye_of_the_storm,
          nicolae_gozag_cash_rules_everything_around_me,
          pdpol_wu_jian_five_deadly_venoms, serial_column_ruins,
          column_ruins_hut, column_ruins_grid_3, column_ruins_columns_corner,
          column_ruins_corridor_straight, column_ruins_columns_straight,
          uniq_josephine, uniq_fannar, uniq_maurice
D:11:     layout_rooms, david_lair_shrubbed, serial_corexii_hall,
          corexii_hall_statues_i, corexii_hall_statues_x
D:12:     layout_grid_maze, okawaru_metal_pillars_3
D:13:     layout_loops_corners, hellmonk_vaults_keyhole, enter_trove_1,
          fedhas_ov_isle_minmay
D:14:     layout_gridville, kennysheep_boxes, minivault_1,
          nicolae_uskayaw_dance_hall
D:15:     grunt_enter_depths_snipers, layout_long_grid,
          hangedman_abyss_or_decor_passed, serial_nicolae_subway,
          nicolae_sub_station_crystal, nicolae_sub_station_metal,
          nicolae_sub_station_stone
Temple:   chequers_temple_sunken
Lair:1:   layout_cave_pods, uniq_harold, uniq_maggie
Lair:2:   cheibrodos_lair_river_kwai, layout_cave_pods, serial_bayou_crossing,
          grunt_megastairs_1
Lair:3:   layout_cave_pods, swamp_mist, minmay_snake_entry_guardpost_small,
          fungi_pond_lemuel, grunt_forest_small_clearing_treed,
          grunt_megastairs_3
Lair:4:   layout_big_grid, infiniplex_staircase_pool_2, grunt_megastairs_5
Lair:5:   grunt_lair_end_beastmaster, layout_small_grid,
          nicolae_slime_entry_slimehenge, nicolae_volcano_entry_two_sided
Swamp:1:  layout_basic_swamp, serial_swamp_ruin, hangedman_swamp_ruin_wall,
          evilmike_swamp_ruin_house_5, evilmike_swamp_ruin_house_2,
          swamp_pool_1_2
Swamp:2:  layout_falls_marsh, portal_ice_cave_entry_dragon,
          nicolae_swamp_oxbows, nicolae_swamp_decorative_isthmus,
          infiniplex_staircase_pool, nicolae_swamp_tree_isthmus, uniq_donald,
          uniq_frances
Swamp:3:  layout_falls_marsh, evilmike_swamp_ruin_rubble_1, uniq_jorgrun
Swamp:4:  swamp_alternative, layout_basic_swamp, uniq_mara
Snake:1:  layout_rooms, serial_shops, nicolae_shop_rolling_square,
          gammafunk_ghost_split, uniq_aizul
Snake:2:  layout_misc_corridors, nicolae_snake_omega, serial_bayou_shore_b,
          uniq_agnes
Snake:3:  layout_cave_town, minmay_shop_star, serial_bayou_shore_b, uniq_vashnia
Snake:4:  johnstein_snake_rune_scales, layout_cave_town
Orc:1:    layout_diamond_mine, hangedman_minor_magic, uniq_nergalle
Orc:2:    st_orc_pillars, layout_caves, basic_altar, regret_index_xom_of_box
Elf:1:    eino_elf_arrival_shootout, layout_onion_city, basic_altar,
          evilmike_minifort
Elf:2:    nicolae_elf_blades_splatter_lattice
          [nicolae_blade_entry_diamond_columns], layout_geoelf_octagon,
          portal_desolation_entry_garden, serial_shops,
          nicolae_shop_hallway_plus, shop
Elf:3:    grunt_elf_hall_asides, layout_geoelf_castle, minmay_shop_grove,
          uniq_zenata
Vaults:1: gammafunk_ghost_mausoleum, v_alt_pattern_4,
          nicolae_vaults_closet_pinwheel_2, nicolae_vaults_trapezoid_lopsided_4,
          v_rooms_3, nicolae_vaults_network_s, nicolae_vaults_closet_pinwheel_3,
          nicolae_vaults_trapezoid_3, nicolae_vaults_little_squares_3,
          ontoclasm_vaults_pinch, nicolae_vaults_house_1,
          layout_vaults_omnicross
Vaults:2: minmay_crypt_entry_skeletal_spiral, dpeg_vaults_pockets_of_resistance,
          hangedman_vaults_stitches, vaults_room_corners,
          nicolae_vaults_tetromino_Z_2, nicolae_vaults_double_plus_1,
          nicolae_vaults_tetromino_Z_2, layout_vaults_omnigrid, serial_shops,
          shop, serial_glass, uniq_xtahua
Depths:1: layout_honeycomb, grunt_hell_entry_dis_grunt, grunt_decor_one_mirror,
          minmay_misc_feat_pillars, nicolae_blasting_shop,
          hangedman_cracks_in_the_wall

Skill      XL: |  1  2  3  4  5  6  7  8  9 10 11 12 13 14 15 16 17 18 19 20 21 |
---------------+----------------------------------------------------------------+-----
Conjurations   | 2 3 4 5 6 7 8 9 10 11 12 13 | 13.1
Spellcasting   | 5 6 7 8 9 10 11 12 13 14 15 | 15.9
Invocations    | 1 2 3 4 5 6 7 8 10 11 12 13 14 15 16 | 16.4
Fighting       | 1 2 3 5 6 7 8 9 10 11 12 13 14 15 | 15.1
Short Blades   | 1 2 3 5 6 7 8 9 10 11 12 13 14 15 | 15.1
Long Blades    | 1 2 3 5 6 7 8 9 10 11 12 13 14 15 | 15.1
Axes           | 1 2 3 5 6 7 8 9 10 11 12 13 14 15 | 15.1
Maces & Flails | 1 2 3 5 6 7 8 9 10 11 12 13 14 15 | 15.1
Polearms       | 1 2 3 5 6 7 8 9 10 11 12 13 14 15 | 15.1
Staves         | 1 2 3 5 6 7 8 9 10 11 12 13 14 15 | 15.1
Ranged Weapons | 1 2 3 5 6 7 8 9 10 11 12 13 14 15 | 15.1
Throwing       | 1 2 3 5 6 7 8 9 10 11 12 13 14 15 | 15.1
Armour         | 1 2 3 5 6 7 8 9 10 11 12 13 14 15 | 15.1
Shields        | 1 2 3 5 6 7 8 9 10 11 12 13 14 15 | 15.1
Unarmed Combat | 1 2 3 5 6 7 8 9 10 11 12 13 14 15 | 15.1
Evocations     | 1 2 3 5 6 7 8 9 10 11 12 13 14 15 | 15.1
Shapeshifting  | 1 2 3 4 5 6 7 8 9 10 11 12 13 14 | 14.0
Hexes          | 1 2 3 4 5 6 7 8 9 10 11 12 | 12.9
Summonings     | 1 2 3 4 5 6 7 8 9 10 11 12 | 12.9
Necromancy     | 1 2 3 4 5 6 7 8 9 10 11 12 | 12.9
Translocations | 1 2 3 4 5 6 7 8 9 10 11 12 | 12.9
Fire Magic     | 1 2 3 4 5 6 7 8 9 10 11 12 | 12.9
Ice Magic      | 1 2 3 4 5 6 7 8 9 10 11 12 | 12.9
Air Magic      | 1 2 3 4 5 6 7 8 9 10 11 12 | 12.9
Earth Magic    | 1 2 3 4 5 6 7 8 9 10 11 12 | 12.9
Dodging        | 5 6 7 8 9 10 11 12 13 14 15 | 15.8
Stealth        | 5 6 7 8 9 10 11 12 13 14 15 | 15.7
Alchemy        | 6 7 8 9 10 11 12 13 | 13.9

Action                     |  1- 3 |  4- 6 |  7- 9 | 10-12 | 13-15 | 16-18 | 19-21 || total
---------------------------+-------+-------+-------+-------+-------+-------+-------++-------
  Melee: Unarmed           |    13 |     3 |       |       |    10 |    14 |    80 ||   120
         Bite              |     1 |     8 |    10 |    59 |    83 |   121 |    97 ||   379
         Staff             |       |    53 |    92 |       |       |       |       ||   145
         Dagger            |       |       |    18 |   342 |   484 |   587 |   515 ||  1946
         Long sword        |       |       |       |    54 |       |       |    53 ||   107
         Punch             |       |       |       |       |     2 |       |     5 ||     7
         Lajatang          |       |       |       |       |       |    23 |       ||    23
         Tailslap          |       |       |       |       |       |       |    11 ||    11
  Throw: Boomerang         |       |       |     8 |       |       |     6 |    24 ||    38
         Javelin           |       |       |       |       |     5 |    43 |    21 ||    69
   Cast: Sting             |    64 |   108 |   243 |   250 |   328 |     8 |       ||  1001
         Mercury Vapours   |     2 |     8 |     6 |    15 |     1 |       |       ||    32
         Mephitic Cloud    |       |     4 |    18 |    31 |    39 |    35 |     9 ||   136
         Sticky Flame      |       |       |       |    75 |    99 |   105 |    57 ||   336
         Olgreb's Toxic Ra |       |       |       |    49 |    82 |    16 |    18 ||   165
         Stone Arrow       |       |       |       |       |    81 |   426 |   307 ||   814
         Permafrost Erupti |       |       |       |       |    18 |    78 |    49 ||   145
         Haunt             |       |       |       |       |       |       |   118 ||   118
         Fireball          |       |       |       |       |       |       |    37 ||    37
         Manifold Assault  |       |       |       |       |       |       |    36 ||    36
         Sublimation of Bl |       |       |       |       |       |       |     1 ||     1
         Vhi's Electric Ch |       |       |       |       |       |       |     3 ||     3
         Blink             |       |       |       |       |       |       |     1 ||     1
 Invoke: Curse Item        |       |       |       |     3 |     3 |     2 |     3 ||    11
         Shatter the Chain |       |       |       |       |       |     2 |     1 ||     3
  Evoke: Wand              |       |       |    14 |    15 |    16 |    22 |    38 ||   105
         Phantom mirror    |       |       |       |       |       |     1 |     1 ||     2
         Lightning rod     |       |       |       |       |       |       |     4 ||     4
    Use: Potion            |       |     1 |     5 |     6 |     1 |     7 |    11 ||    31
         Scroll            |       |       |     2 |     7 |     4 |    10 |    10 ||    33
   Stab: Confused          |       |       |     1 |     3 |    21 |    14 |     6 ||    45
         Distracted        |       |       |       |     2 |       |     1 |    12 ||    15
         Sleeping          |       |       |       |     3 |    14 |    44 |    38 ||    99
         Petrified         |       |       |       |       |     1 |       |       ||     1
 Armour: Robe              |    28 |   111 |   146 |       |       |       |       ||   285
         Steam dragon scal |       |       |    11 |   153 |       |       |       ||   164
         Acid dragon scale |       |       |       |   163 |   577 |   719 |   609 ||  2068
         Skin              |       |       |       |       |       |     1 |    73 ||    74
  Dodge: Dodged            |    39 |   150 |   192 |   229 |   366 |   373 |   328 ||  1677
  Block: Kite shield       |       |       |       |   154 |   459 |   617 |   607 ||  1837
         Reflection        |       |       |       |       |       |       |    37 ||    37
         Form:             |       |       |       |       |     1 |       |       ||     1
         Blade             |       |       |       |       |     1 |       |       ||     1
         Dragon            |       |       |       |       |       |       |     1 ||     1

Table legend: (Time is in decaauts)
 A = Elapsed time spent in this place.
 B = Non-inter-level travel time spent in this place.
 C = Inter-level travel time spent in this place.
 D = Time resting spent in this place.
 E = Time spent auto-exploring this place.
 F = Levels seen in this place.
 G = Mean time per level.
                   A        B        C        D        E       F      G
               +--------+--------+--------+--------+--------+-----+--------+
         Total |  68125 |  64057 |   4068 |  20830 |  29512 |  40 | 1703.1 |
       Dungeon |  22877 |  20968 |   1909 |   6282 |  10898 |  15 | 1525.1 |
        Temple |     60 |     40 |     20 |      0 |      0 |   1 |   60.0 |
          Lair |   9902 |   9122 |    780 |   2276 |   4771 |   5 | 1980.4 |
         Swamp |   5843 |   5620 |    223 |   2192 |   2346 |   4 | 1460.8 |
     Snake Pit |  10468 |  10180 |    288 |   4279 |   3501 |   4 | 2617.0 |
  Orcish Mines |   3548 |   3226 |    322 |    878 |   1689 |   2 | 1774.0 |
   Elven Halls |   7593 |   7168 |    425 |   2353 |   3425 |   3 | 2531.0 |
        Vaults |   5838 |   5739 |     99 |   1992 |   2461 |   2 | 2919.0 |
        Depths |     22 |     22 |      0 |      0 |      0 |   1 |   22.0 |
         Abyss |    110 |    110 |      0 |      0 |      0 |   1 |  110.0 |
      Ice Cave |    304 |    304 |      0 |     58 |    105 |   1 |  304.0 |
    Desolation |   1555 |   1555 |      0 |    520 |    315 |   1 | 1555.0 |
               +--------+--------+--------+--------+--------+-----+--------+

Top non-repeatable levels by time:
Vaults:1: 3837 daAuts
   Elf:3: 3638 daAuts
 Snake:3: 3115 daAuts
     D:9: 3082 daAuts
 Snake:4: 2773 daAuts
 Snake:2: 2769 daAuts
   Orc:2: 2550 daAuts
     D:5: 2536 daAuts
  Lair:3: 2449 daAuts
    D:13: 2244 daAuts
   Elf:2: 2175 daAuts
  Lair:5: 2160 daAuts
  Lair:2: 2043 daAuts
Vaults:2: 2001 daAuts
     D:7: 1898 daAuts
